Map: Abyssal Reef LE

Players

Cloudmaster - Winner!

  • Race: Terran Terran
  • League: Diamond
  • Spawn Location: 5:00

Musumeci

  • Race: Zerg Zerg
  • League: Diamond
  • Spawn Location: 11:00

VOD

Have the link to the VOD?

Description

Time

  • Played on: Feb. 11, 2017, 4:01 p.m.
  • Length: 9:09
Show
View Real Time Build Order
Export as new Build Order

Cloudmaster Terran - Winner!

Build Orders:  

Get SALT Encoding   

  12  0:00  SCV  
  13  0:13  SCV  
  14  0:17  Supply Depot  
  14  0:25  SCV  
  15  0:28  Refinery  
  15  0:39  SCV  
  16  0:46  Barracks  
  16  0:53  SCV  
  17  1:07  SCV  
  18  1:22  SCV  
  19  1:36  Barracks  
  19  1:37  Orbital Command  
  19  1:38  Bunker  
  19  1:41  Marine  
  20  1:58  Supply Depot  
  20  2:01  Marine  
  20  2:03  SCV  
  22  2:17  Factory  
  22  2:20  SCV  
  23  2:26  Supply Depot  
  23  2:27  Barracks Reactor  
  23  2:32  SCV  
  24  2:41  Marine  
  25  2:44  SCV  
  26  2:56  Refinery  
  26  3:04  Factory Tech Lab  
  26  3:05  Marine x2  
  28  3:15  Barracks  
  28  3:24  Siege Tank  
  28  3:25  Marine x2  
  33  3:28  SCV  
  33  3:32  Supply Depot  
  34  3:39  Starport  
  34  3:44  Supply Depot  
  34  3:45  Marine x2  
  36  4:01  Marine  
  36  4:02  Marine  
  38  4:03  Marine  
  38  4:05  SCV  
  40  4:19  Medivac  
  42  4:35  Barracks  
  42  4:37  Marine x2  
  42  4:46  Siege Tank  
  42  4:48  Marine  
  46  4:54  Barracks Tech Lab  
  46  4:55  Marine  
  46  4:57  Starport Reactor  
  47  5:00  Marine  
  47  5:06  Marine  
  49  5:13  Marine  
  50  5:17  Marine  
  50  5:18  Marine, Siege Tank  
  55  5:21  Supply Depot  
  55  5:25  SCV, Marine  
  55  5:26  Stimpack  
  57  5:44  Medivac x2  
  61  5:59  Command Center  
  61  6:01  Marine  
  61  6:03  Marine  
  63  6:05  SCV  
  64  6:15  Marine x2  
  66  6:22  Marine x2  
  68  6:30  Viking  
  70  6:43  SCV  
  71  6:51  Supply Depot  
  70  6:55  SCV  
  71  7:10  Medivac  
  71  7:11  SCV  
  74  7:17  Marine x2  
  74  7:20  Viking  
  78  7:24  SCV x2  
  65  7:54  Marine x3  
  65  7:55  Marine x2  
  65  7:56  Medivac x2, Siege Tank  
  74  8:04  SCV  
  73  8:08  Orbital Command  
  73  8:12  Marine x4  
  74  8:16  SCV  
  75  8:33  Marine  
  75  8:34  Marine x4  
  74  8:35  Siege Tank  
  80  8:51  Marine  
Show
View Real Time Build Order
Export as new Build Order

Musumeci Zerg 

Build Orders: Pool First 

Get SALT Encoding   

  12  0:00  Drone  
  13  0:08  Drone  
  13  0:13  Extractor  
  13  0:16  Drone  
  15  0:32  Spawning Pool  
  14  0:38  Drone, Extractor  
  15  0:45  Overlord  
  15  1:05  Extractor  
  14  1:16  Hatchery  
  14  1:20  Zergling x2  
  14  1:21  Zergling x2  
  14  1:24  Zergling x2  
  17  1:40  Zergling x2  
  18  1:58  Zergling x2  
  18  1:59  Hatchery  
  18  2:02  Zergling x2  
  16  2:44  Drone  
  16  2:45  Drone x2  
  18  2:56  Queen, Drone  
  18  2:57  Hatchery  
  20  3:07  Drone  
  21  3:14  Queen  
  21  3:18  Overlord  
  23  3:25  Drone x2  
  25  3:38  Overlord  
  25  3:40  Drone x2  
  27  3:47  Drone  
  28  4:01  Drone x3  
  31  4:10  Drone x4  
  31  4:11  Queen, Drone  
  36  4:30  Extractor  
  35  4:38  Extractor  
  34  4:39  Roach Warren  
  34  4:41  Overlord  
  33  4:50  Queen  
  33  4:51  Queen  
  37  5:10  Drone x4  
  41  5:14  Overlord  
  41  5:15  Overlord  
  39  5:27  Roach  
  41  5:29  Queen  
  43  5:40  Roach x3  
  49  5:48  Roach  
  51  5:54  Roach x2  
  55  6:01  Drone  
  55  6:02  Drone x4  
  60  6:06  Overlord x3  
  60  6:07  Overlord  
  60  6:20  Overlord  
  60  6:22  Overlord  
  60  6:35  Extractor  
  59  6:47  Roach x7  
  59  6:48  Roach x2  
  77  6:57  Ravager  
  78  7:12  Ravager  
  78  7:13  Ravager  
  78  7:15  Drone x3, Extractor  
  72  7:50  Roach x6  
  48  8:09  Roach  
  48  8:10  Roach  
  32  8:28  Roach x4  
  32  8:29  Queen  
  40  8:37  Ravager  
  40  8:39  Roach  
  43  8:44  Drone  
  43  8:45  Roach  
Tags
 
Matchup
TvZ
Opening
Pool First
Replay Pack
replay pack
Spawn Locations
Cross Positions
Add a new tag
Caveats
  • Supply blocks, unpowered buildings, or Contaminate may cause inaccurate times.
  • Supply counts are checked every 10 seconds.